 Dungeon Crawl Stone Soup version 0.30-a0-34-gbe8da3892a (webtiles) character file.

Game seed: 2830083027890537026

182 ytrimaz the Insei (level 5, -3/33 HPs)
             Began as an Octopode Transmuter on Aug 28, 2022.
             Slain by a black bear (4 damage)
             ... on level 4 of the Dungeon.
             The game lasted 00:04:34 (4275 turns).

ytrimaz the Insei (Octopode Transmuter)             Turns: 4275, Time: 00:04:34

Health: -3/33      AC:  1    Str:  6 (9)  XL:     5   Next: 61%
Magic:  10/10      EV: 13    Int: 14 (17) God:
Gold:   136        SH:  0    Dex: 10 (13) Spells: 0/10 levels left

rFire   . . .      SeeInvis .      - Unarmed
rCold   . . .      Faith    .    (no shield)
rNeg    . . .      Spirit   .    (helmet restricted)
rPois   .          Reflect  .    (no amulet)
rElec   .          Harm     .    (no ring)
rCorr   .          Rampage  .    (no ring)
Will    .....                    (no ring)
Stlth   ++........               (no ring)
HPRegen 0.11/turn                (no ring)
MPRegen 0.12/turn                (no ring)
                                 (no ring)
                                 (no ring)

@: confused, attractive, flying, hasted, invisible, very quick
A: almost no armour, amphibious, 8 rings, camouflage 1, gelatinous body 1,
(nimble swimmer 1), tentacles
a: no special abilities


You were on level 4 of the Dungeon.
You visited 1 branch of the dungeon, and saw 4 of its levels.

You collected 136 gold pieces.

Inventory:

Jewellery
 f - an amulet of faith
Scrolls
 e - a scroll of poison
 m - 2 scrolls of identify
Potions
 b - 2 potions of magic
 h - a potion of attraction
 i - a potion of curing {unknown}
 k - a potion of degeneration
 l - a potion of experience {unknown}


   Skills:
 - Level 1.0 Fighting
 - Level 2.0 Dodging
 - Level 4.1 Unarmed Combat
 + Level 3.4 Spellcasting
 + Level 3.6 Transmutations
 * Level 0.2 Ice Magic


You couldn't memorise any spells.
You knew the following spells:

 Your Spells              Type           Power      Damage    Failure   Level
a - Beastly Appendage     Tmut           24%        N/A       4%          1
b - Wereblood             Tmut           12%        N/A       7%          2
c - Spider Form           Tmut/Pois      7%         N/A       28%         3
d - Ice Form              Ice/Tmut       7%         N/A       67%         4

Your spell library contained the following spells:

 Spells                   Type           Power      Damage    Failure   Level
 Slow                     Hex            8%         N/A       21%         1
 Summon Small Mammal      Summ           8%         N/A       21%         1
 Call Canine Familiar     Summ           2%         N/A       52%         3
 Confusing Touch          Hex            2%         N/A       52%         3
 Summon Guardian Golem    Hex/Summ       2%         N/A       52%         3
 Vampiric Draining        Necr           2%         2d6       52%         3
 Orb of Destruction       Conj           1%         9d5       100%        7
 Spellforged Servitor     Conj/Summ      1%         N/A       100%        7


Dungeon Overview and Level Annotations

Branches:
Dungeon (4/15)
 Temple: D:4-7

Altars:

Shops:
D:2 (


Innate Abilities, Weirdness & Mutations

You cannot wear most types of armour.
You are amphibious.
You can wear up to eight rings at the same time.
Your skin changes colour to match your surroundings (Stealth+).
Your rubbery body absorbs attacks. (AC +1, EV +1)
((You are camouflaged when in or above water. (Stealth+)))
You have tentacles for arms and can constrict up to eight enemies at once.


Message History

Unknown command.
You tentacle-slap the orc priest. You grab the orc priest.
The orc priest is moderately wounded.
You constrict the orc priest.
The orc priest hits you with a +0 short sword.
Something hits you.
* * * LOW HITPOINT WARNING * * *
You release your grip on the orc priest.
The orc priest attacks as you move away!
The orc priest closely misses you.
Found a dagger.
Your magical contamination has completely faded away.
Unknown command.
It was a potion of attraction.
You feel attractive to monsters.
Your primal bloodlust has ended.
The orc priest mumbles some strange prayers to Beogh against you.
You barely resist.
You hear some strange, mumbled words.
You are confused.
Unknown command.
The orc priest is attracted toward you.
It was a potion of invisibility.
You fade into invisibility!
The black bear closely misses you. The black bear barely misses you. x2
Something is attracted toward you.
It was a potion of flight.
You feel very buoyant.
You fly up into the air.
The black bear bites you.
* * * LOW HITPOINT WARNING * * *
The black bear closely misses you. x2
Unknown command.
You're too confused to cast spells.
It was a potion of haste.
You feel yourself speed up. The black bear closely misses you.
The black bear claws you.
* * * LOW HITPOINT WARNING * * *
The black bear barely misses you. Something is attracted toward you.
It was a potion of degeneration.
There was something very wrong with that liquid.
You feel weakened.
You feel dopey.
You feel clumsy.
The black bear closely misses you. x2; The black bear claws you.
You die...

#.# . #.# .###)##.##
......... # #h.......
## #.#.#...#.#
#...#.#o#...#.#
#....)).#.#@#
#)###!#h##..##
#|.....o{...!..
###.####.#...#.ยง......
.......<...#.####..###
#####........# ..#
####.##.## .# #...... #
###..###


You could see a black bear (unable to see you) and an orc priest (unable to see
you).

Vanquished Creatures
  Terence (D:3)
  6 adders
  2 worms
  2 dart slugs
  5 orcs
  7 ball pythons
  9 endoplasms
  3 giant cockroaches
  8 goblins
  6 hobgoblins
  A kobold (D:1)
  8 quokkas
  11 bats
  7 frilled lizards
  9 rats
85 creatures vanquished.

Notes
Turn   | Place    | Note
-------+----------+-------------------------------------------
     0 | D:1      | ytrimaz the Octopode Transmuter began the quest for the
                  | Orb.
     0 | D:1      | Reached XP level 1. HP: 13/13 MP: 3/3
    93 | D:1      | Reached XP level 2. HP: 9/18 MP: 3/5
   484 | D:1      | Reached skill level 4 in Unarmed Combat
   734 | D:1      | Reached XP level 3. HP: 23/23 MP: 4/6
   737 | D:1      | Learned a level 2 spell: Wereblood
   741 | D:1      | Learned a level 3 spell: Spider Form
  1540 | D:2      | Found a faded altar of an unknown god.
  1673 | D:2      | Reached XP level 4. HP: 28/28 MP: 4/7
  1706 | D:2      | Found Giuff's Weapon Shoppe.
  2861 | D:3      | Noticed Terence
  2873 | D:3      | Killed Terence
  2874 | D:3      | Reached XP level 5. HP: 16/33 MP: 5/9
  4015 | D:3      | Learned a level 4 spell: Ice Form
  4249 | D:4      | Noticed a black bear
  4274 | D:4      | HP: 1/33 [black bear (3)]
  4275 | D:4      | Slain by a black bear

Illustrated notes

Levels and vault maps discovered:
D:1:      dpeg_arrival_subterranean_lakeside_camping, layout_rooms,
          grunt_decor_arrowhead, chequers_serial_rivers_micro_a
D:2:      layout_basic, serial_shops, shop, ebering_ecumenical_altar_abandoned,
          kennysheep_generic_room_13
D:3:      layout_basic, chequers_serial_rivers_large_b, uniq_terence
D:4:      layout_loops_ring, lemuel_blue_sif_altar

Skill      XL: |  1  2  3  4 |
---------------+-------------+-----
Unarmed Combat | 4 |  4.1
Transmutations | 3 |  3.6
Spellcasting   | 3 |  3.4
Fighting       | |  1.0
Dodging        | |  2.0
Ice Magic      | |  0.2

Action                   |  1- 3 |  4- 6 || total
-------------------------+-------+-------++-------
Melee: Unarmed           |    87 |   124 ||   211
       Tentacles         |    12 |    20 ||    32
       Kick              |    16 |    25 ||    41
       Constrict         |    19 |    31 ||    50
       Punch             |     2 |     3 ||     5
 Cast: Beastly Appendage |    23 |    27 ||    50
       Spider Form       |     1 |     1 ||     2
       Wereblood         |       |     1 ||     1
  Use: Scroll            |     3 |     6 ||     9
       Potion            |       |     7 ||     7
 Stab: Sleeping          |     5 |     2 ||     7
Armor: Skin              |     3 |    16 ||    19
Dodge: Dodged            |    52 |    90 ||   142

Table legend: (Time is in decaauts)
 A = Elapsed time spent in this place.
 B = Non-inter-level travel time spent in this place.
 C = Inter-level travel time spent in this place.
 D = Time resting spent in this place.
 E = Time spent auto-exploring this place.
 F = Levels seen in this place.
 G = Mean time per level.
                   A        B        C        D        E       F      G
               +--------+--------+--------+--------+--------+-----+--------+
         Total |   4258 |   4210 |     48 |    142 |   3448 |   4 | 1064.5 |
       Dungeon |   4258 |   4210 |     48 |    142 |   3448 |   4 | 1064.5 |
               +--------+--------+--------+--------+--------+-----+--------+

Top non-repeatable levels by time:
     D:2: 1436 daAuts
     D:1: 1413 daAuts
     D:3: 1373 daAuts
     D:4: 36 daAuts
